Workbook

Sheet PLAN PRIHODA
A1: ŠIFRA | B1: NAZIV | C1: IZVOR FINANCIRANJA | D1: IZVOR FINANCIRANJA - NAZIV | E1: PLAN 2021. | F1: REBALANS | G1: NOVI PLAN 2021.
E2: =SUM(E3:E19) -> 7668850 | F2: =F3+F4+F5+F6+F7+F8+F9+F10+F11+F12+F13+F14+F15+F17+F16+F18+F19+F20 -> 3386540 | G2: =G3+G4+G5+G6+G8+G7+G9+G10+G11+G12+G13+G14+G15+G17+G18+G20 -> 11055390
A3: 671111 | B3: Prihodi iz nadležnog proračuna za financiranje rashoda poslovanja-dec. | C3: 12 | D3: Decentralizirana funckija - osnovno školstvo | E3: 695000 | F3: -68000 | G3: =SUM(E3:F3) -> 627000
A4: 671111 | B4: Prihodi iz nadležnog proračuna za financiranje rashoda poslovanja-dec.asistenti | C4: 11 | D4: Opći prihodi i primici (nenamjenski) - gradska sredstva | E4: 0 | F4: 1948 | G4: 1948
A5: 671112 | B5: Prihodi iz nadležnog proračuna za financiranje rashoda poslovanja-gradska sredstva | C5: 11 | D5: =LOOKUP(C5,'KATALOG IZVORA FINANCIRANJA'!$A$2:$B$40) -> Opći prihodi i primici (nenamjenski) - gradska sredstva | E5: 272000 | F5: 107000 | G5: =SUM(E5:F5) -> 379000
A6: 67121 | B6: Prihodi iz nadležnog proračuna za financiranje rashoda za nabavu nefinancijske imovine | C6: 11 | D6: =LOOKUP(C6,'KATALOG IZVORA FINANCIRANJA'!$A$2:$B$40) -> Opći prihodi i primici (nenamjenski) - gradska sredstva | E6: 22350 | F6: 0 | G6: =SUM(E6:F6) -> 22350
A7: 63612 | B7: Tekuće pomoći iz državnog proračuna proračunskim korisnicima proračuna JLP(R)S-mzo | C7: 41 | D7: =LOOKUP(C7,'KATALOG IZVORA FINANCIRANJA'!$A$2:$B$40) -> Tekuće pomoći iz državnog proračuna | E7: 6169500 | F7: 3152000 | G7: =SUM(E7:F7) -> 9321500
A8: 63622 | B8: Kapitalne pomoći iz državnog proračuna prorač. korisnicima proračuna JLP(R)S | C8: 43 | D8: Kapitalne pomoći iz državnog proračuna | E8: 0 | F8: 3000 | G8: =SUM(E8:F8) -> 3000
A9: 639311 | B9: Tekući prijenosi između prorač. kor. istog prorač. temeljem prijenosa EU sredstva | C9: 53 | D9: Pomoći iz državnog proračuna temeljem prijenosa EU sredstava | E9: 0 | F9: 14902.2 | G9: =SUM(E9:F9) -> 14902.2
A10: 639312 | B10: Tekući prijenosi između prorač. kor. istog prorač. temeljem prijenosa EU-država | C10: 41 | D10: =LOOKUP(C10,'[1]IZVORI FINANCIRANJA'!$A$2:$B$40) -> Tekuće pomoći iz državnog proračuna | E10: 0 | F10: 2629.8 | G10: =SUM(E10:F10) -> 2629.8
A11: 64143 | B11: Zatezne kamate iz obveznih odnosa | C11: 21 | D11: Vlastiti prihodi proračunskih korisnika | E11: 0 | F11: 2000 | G11: =SUM(E11:F11) -> 2000
A12: 65264 | B12: Sufinanciranje cijene usluge, participacije i slično | C12: 21 | D12: Vlastiti prihodi proračunskih korisnika | E12: 518000 | F12: 71279.33 | G12: =SUM(E12:F12) -> 589279.33
A13: 66151 | B13: Prihodi od pruženih usluga | C13: 21 | D13: Vlastiti prihodi proračunskih korisnika | E13: 10000 | F13: 2000 | G13: =SUM(E13:F13) -> 12000
A14: 64132 | B14: Kamate na depozite po viđenju | C14: 21 | D14: =LOOKUP(C14,'KATALOG IZVORA FINANCIRANJA'!$A$2:$B$40) -> Vlastiti prihodi proračunskih korisnika | E14: 700 | F14: 300 | G14: =SUM(E14:F14) -> 1000
A15: 68311 | B15: Ostali prihodi | C15: 21 | D15: Vlastiti prihodi proračunskih korisnika | E15: 1000 | F15: 2000 | G15: =SUM(E15:F15) -> 3000
A16: 64151 | B16: Prihodi od pozitivnih tečajnih razlika | C16: 21 | D16: Vlastiti prihodi proračunskih korisnika | E16: 300 | F16: -300 | G16: =SUM(E16:F16) -> 0
A17: 63612 | B17: Tekuće pomoći iz državnog proračuna proračunskim korisnicima proračuna JLP(R)S-županija | C17: 42 | D17: =LOOKUP(C17,'KATALOG IZVORA FINANCIRANJA'!$A$2:$B$40) -> Tekuće pomoći iz županijskog proračuna | E17: 10000 | F17: 0 | G17: =SUM(E17:F17) -> 10000
A18: 72262 | B18: Prihod od prodaje glazbenih instrumenata | C18: 21 | D18: Prihodi od nefinacijske imovine i nadoknade štete s osnova | E18: 0 | F18: 1500 | G18: =SUM(E18:F18) -> 1500
A19: 92222 | B19: Manjak prihoda od nefinancijske imovine | C19: 21 | D19: =LOOKUP(C19,'KATALOG IZVORA FINANCIRANJA'!$A$2:$B$40) -> Vlastiti prihodi proračunskih korisnika | E19: -30000 | F19: 30000 | G19: =SUM(E19:F19) -> 0
A20: 92211 | B20: Višak prihoda poslovanja | C20: 21 | D20: =LOOKUP(C20,'[2]IZVORI FINANCIRANJA'!$A$2:$B$40) -> Vlastiti prihodi proračunskih korisnika | E20: 0 | F20: 64280.67 | G20: =F20 -> 64280.67

Sheet PLAN RASHODA I IZDATAKA
A1: ŠIFRA | B1: NAZIV | C1: IZVOR FINANCIRANJA | D1: IZVOR FINANCIRANJA - NAZIV | E1: PLAN 2021. | F1: REBALANS | G1: NOVI PLAN 2021.
A2: 0400 | B2: UPRAVNI ODJEL DRUŠTVENIH DJELATNOSTI | E2: =SUM(E3,E179) -> 7668850 | F2: =SUM(F3,F179) -> 3386540 | G2: =SUM(G3,G179) -> 11055390
A3: 0431 | B3: OSNOVNO ŠKOLSTVO | E3: =SUM(E4,E22) -> 7396850 | F3: =SUM(F4,F22) -> 3260060 | G3: =SUM(G4,G22) -> 10656910
A4: 161372600000001 | B4: PLAN RAZVOJNIH PROGRAMA | E4: =SUM(E5) -> 181850 | F4: =SUM(F5) -> 13700 | G4: =SUM(G5) -> 195550
A5: 3100 | B5: 3100: KAPITALNO ULAGANJE U OSNOVNO ŠKOLSTVO | E5: =SUM(E7:E21) -> 181850 | F5: =F6+F10+F11+F12+F14+F15+F17+F18+F19+F20+F21 -> 13700 | G5: =G6+G7+G8+G9+G12+G13+G14+G16+G17+G18+G19+G20+G21 -> 195550
A6: 41249 | B6: Ostala nespomenuta prava | C6: 21 | D6: Vlastiti prihodi proračunskih korisnika | E6: 0 | F6: 3200 | G6: =SUM(E6:F6) -> 3200
A7: 42211 | B7: Računala i računalna oprema | C7: 21 | D7: Vlastiti prihodi proračunskih korisnika | E7: 15000 | F7: 0 | G7: =SUM(E7:F7) -> 15000
A8: 42212 | B8: Uredski namještaj | C8: 21 | D8: Vlastiti prihodi proračunskih korisnika | E8: 10000 | F8: 0 | G8: =SUM(E8:F8) -> 10000
A9: 42219 | B9: Ostala uredska oprema | C9: 21 | D9: Vlastiti prihodi proračunskih korisnika | E9: 10000 | F9: 0 | G9: =SUM(E9:F9) -> 10000
A10: 42221 | B10: Radio i TV prijemnici | C10: 21 | D10: Vlastiti prihodi proračunskih korisnika | E10: 8000 | F10: -8000 | G10: =SUM(E10:F10) -> 0
A11: 42222 | B11: Telefoni i ostali uređaji | C11: 21 | D11: Vlastiti prihodi proračunskih korisnika | E11: 5000 | F11: -5000 | G11: =SUM(E11:F11) -> 0
A12: 42229 | B12: Ostala komunikacijska oprema | C12: 21 | D12: Vlastiti prihodi proračunskih korisnika | E12: 5000 | F12: 7000 | G12: =SUM(E12:F12) -> 12000
A13: 42231 | B13: Oprema za ventilaciju, grijanje i hlađenje | C13: 21 | D13: Vlastiti prihodi proračunskih korisnika | E13: 8000 | F13: 0 | G13: =SUM(E13:F13) -> 8000
A14: 42232 | B14: Oprema za održavanje prostorija | C14: 21 | D14: Vlastiti prihodi proračunskih korisnika | E14: 5000 | F14: -4000 | G14: =SUM(E14:F14) -> 1000
A15: 42239 | B15: Ostala oprema za održavanje i zaštitu | C15: 21 | D15: Vlastiti prihodi proračunskih korisnika | E15: 5000 | F15: -5000 | G15: =SUM(E15:F15) -> 0
A16: 42262 | B16: Glazbeni instrumenti i oprema | C16: 11 | D16: Opći prihodi i primici (nenamjenski) - gradska sredstva | E16: 22350 | F16: 0 | G16: =SUM(E16:F16) -> 22350
A17: 42262 | B17: Glazbeni instrumenti i oprema | C17: 21 | D17: Vlastiti prihodi proračunskih korisnika | E17: 71500 | F17: 20000 | G17: =SUM(E17:F17) -> 91500
... A21: 42411 | B21: Knjige | C21: 21 | D21: Vlastiti prihodi proračunskih korisnika | E21: 17000 | F21: -4000 | G21: =SUM(E21:F21) -> 13000
A22: 161372600000002 | B22: TEKUĆI PROGRAMI | E22: =E23+E53+E167 -> 7215000 | F22: =F23+F53+F167 -> 3246360 | G22: =G23+G53+G167 -> 10461360
A23: 161372110210009 | B23: STRUČNO, ADMINISTARTIVNO TEHNIČKO OSOBLJE | E23: =SUM(E24:E52) -> 6029500 | F23: =SUM(F24:F52) -> 3012580 | G23: =SUM(G24:G52) -> 9042080
A24: 31111 | B24: Plaće za zaposlene | C24: 41 | D24: Tekuće pomoći iz državnog proračuna | E24: 5000000 | F24: 1500000 | G24: =SUM(E24:F24) -> 6500000
A25: 31112 | B25: Plaće za vježbenike | C25: 41 | D25: Tekuće pomoći iz državnog proračuna | E25: 0 | F25: 0 | G25: =SUM(E25:F25) -> 0
A26: 31113 | B26: Plaće po sudskim presudama | C26: 41 | D26: Tekuće pomoći iz državnog proračuna | E26: 0 | F26: 500000 | G26: =SUM(E26:F26) -> 500000
A27: 31113 | B27: Plaće po sudskim presudama | C27: 21 | D27: Vlastiti prihodi proračunskih korisnika | E27: 0 | F27: 3000 | G27: 3000
A28: 31126 | B28: Dnevni obroci | C28: 41 | D28: Tekuće pomoći iz državnog proračuna | E28: 0 | F28: 0 | G28: =SUM(E28:F28) -> 0
A29: 31129 | B29: Ostale plaće u naravi | C29: 41 | D29: Tekuće pomoći iz državnog proračuna | E29: 0 | F29: 0 | G29: =SUM(E29:F29) -> 0
A30: 31131 | B30: Plaće za prekovremeni rad | C30: 41 | D30: Tekuće pomoći iz državnog proračuna | E30: 0 | F30: 300000 | G30: =SUM(E30:F30) -> 300000
A31: 31141 | B31: Plaće za posebne uvjete rada | C31: 41 | D31: Tekuće pomoći iz državnog proračuna | E31: 0 | F31: 250000 | G31: =SUM(E31:F31) -> 250000
A32: 31211 | B32: Bonus za uspješan rad | C32: 41 | D32: Tekuće pomoći iz državnog proračuna | E32: 0 | F32: 0 | G32: =SUM(E32:F32) -> 0
A33: 31212 | B33: Nagrade | C33: 41 | D33: Tekuće pomoći iz državnog proračuna | E33: 40000 | F33: -10000 | G33: =SUM(E33:F33) -> 30000
A34: 31212 | B34: Nagrade | C34: 42 | D34: Tekuće pomoći iz županijskog proračuna | E34: 10000 | F34: 0 | G34: =SUM(E34:F34) -> 10000
A35: 31213 | B35: Darovi | C35: 41 | D35: Tekuće pomoći iz državnog proračuna | E35: 15000 | F35: 85000 | G35: =SUM(E35:F35) -> 100000
A36: 31214 | B36: Otpremnine | D36: Nema izvora financiranja | E36: 0 | G36: =SUM(E36:F36) -> 0
A37: 31215 | B37: Naknade za bolest, invalidnost i smrtni slučaj | C37: 41 | D37: Tekuće pomoći iz državnog proračuna | E37: 5000 | F37: 10000 | G37: =SUM(E37:F37) -> 15000
A38: 31216 | B38: Regres za godišnji odmor | C38: 41 | D38: Tekuće pomoći iz državnog proračuna | E38: 70000 | F38: 20000 | G38: =SUM(E38:F38) -> 90000
A39: 31219 | B39: Ostali nenavedeni rashodi za zaposlene | C39: 41 | D39: Tekuće pomoći iz državnog proračuna | E39: 70000 | F39: -50000 | G39: =SUM(E39:F39) -> 20000
A40: 31311 | B40: Doprinosi za mirovinsko osiguranje | D40: Nema izvora financiranja | E40: 0 | G40: =SUM(E40:F40) -> 0
A41: 31321 | B41: Doprinosi za obvezno zdravstveno osiguranje | C41: 41 | D41: Tekuće pomoći iz državnog proračuna | E41: 800000 | F41: 400000 | G41: =SUM(E41:F41) -> 1200000
A42: 31321 | B42: Doprinosi za obvezno zdravstveno osiguranje | C42: 21 | D42: Vlastiti prihodi proračunskih korisnika | E42: 0 | F42: 500 | G42: =SUM(E42:F42) -> 500
A43: 31322 | B43: Doprinos za obvezno zdravstveno osiguranje zaštite zdravlja na radu | C43: 41 | D43: Tekuće pomoći iz državnog proračuna | E43: 0 | F43: 1000 | G43: =SUM(E43:F43) -> 1000
A44: 31322 | B44: Doprinos za obvezno zdravstveno osiguranje zaštite zdravlja na radu | C44: 21 | D44: Vlastiti prihodi proračunskih korisnika | E44: 0 | F44: 20 | G44: =SUM(E44:F44) -> 20
A45: 31329 | B45: Ostali doprinosi | D45: Nema izvora financiranja | E45: 0 | G45: =SUM(E45:F45) -> 0
A46: 31332 | B46: Doprinosi za obvezno osiguranje u slučaju nezaposlenosti | C46: 41 | D46: Tekuće pomoći iz državnog proračuna | E46: 0 | F46: 3000 | G46: =SUM(E46:F46) -> 3000
A47: 31332 | B47: Doprinosi za obvezno osiguranje u slučaju nezaposlenosti | C47: 21 | D47: Vlastiti prihodi proračunskih korisnika | E47: 0 | F47: 60 | G47: =SUM(E47:F47) -> 60
A48: 31333 | B48: Poseban doprinos za poticanje zapošljavanja osoba s invaliditetom | D48: Nema izvora financiranja | E48: 0 | G48: =SUM(E48:F48) -> 0
A49: 32121 | B49: Naknade za prijevoz na posao i s posla | D49: Nema izvora financiranja | E49: 0 | G49: =SUM(E49:F49) -> 0
A50: 32122 | B50: Naknade za rad na terenu | D50: Nema izvora financiranja | E50: 0 | G50: =SUM(E50:F50) -> 0
A51: 32123 | B51: Naknade za odvojeni život | D51: Nema izvora financiranja | E51: 0 | G51: =SUM(E51:F51) -> 0
A52: 32955 | B52: Novčana naknada poslodavca zbog nezapošljavanja osoba s invaliditetom | C52: 41 | D52: Tekuće pomoći iz državnog proračuna | E52: 19500 | F52: 0 | G52: =SUM(E52:F52) -> 19500
A53: 161372110210010 | B53: OPĆI POSLOVI USTANOVA OSNOVNOG ŠKOLSTVA | E53: =SUM(E54:E165) -> 1073500 | F53: 218900.22 | G53: 1292400.2
A54: 32111 | B54: Dnevnice za službeni put u zemlji | C54: 12 | D54: Decentralizirana funckija - osnovno školstvo | E54: 10000 | F54: -4120 | G54: =SUM(E54:F54) -> 5880
A55: 32111 | B55: Dnevnice za službeni put u zemlji | C55: 21 | D55: Vlastiti prihodi proračunskih korisnika | E55: 4000 | F55: 2000 | G55: =SUM(E55:F55) -> 6000
A56: 32112 | B56: Dnevnice za službeni put u inozemstvu | C56: 21 | D56: Vlastiti prihodi proračunskih korisnika | E56: 7000 | F56: -7000 | G56: =SUM(E56:F56) -> 0
A57: 32113 | B57: Naknade za smještaj na službenom putu u zemlji | C57: 12 | D57: Decentralizirana funckija - osnovno školstvo | E57: 4100 | F57: 0 | G57: =SUM(E57:F57) -> 4100
A58: 32113 | B58: Naknade za smještaj na službenom putu u zemlji | C58: 21 | D58: Vlastiti prihodi proračunskih korisnika | E58: 5000 | F58: 10000 | G58: =SUM(E58:F58) -> 15000
A59: 32114 | B59: Naknade za smještaj na službenom putu u inozemstvu | C59: 21 | D59: Vlastiti prihodi proračunskih korisnika | E59: 7000 | F59: -7000 | G59: =SUM(E59:F59) -> 0
A60: 32115 | B60: Naknade za prijevoz na službenom putu u zemlji | C60: 12 | D60: Decentralizirana funckija - osnovno školstvo | E60: 1500 | F60: 0 | G60: =SUM(E60:F60) -> 1500
A61: 32115 | B61: Naknade za prijevoz na službenom putu u zemlji | C61: 21 | D61: Vlastiti prihodi proračunskih korisnika | E61: 4000 | F61: 2000 | G61: =SUM(E61:F61) -> 6000
A62: 32116 | B62: Naknade za prijevoz na službenom putu u inozemstvu | C62: 21 | D62: Vlastiti prihodi proračunskih korisnika | E62: 7000 | F62: -7000 | G62: =SUM(E62:F62) -> 0
A63: 32121 | B63: Naknade za prijevoz na posao i s posla | C63: 12 | D63: Decentralizirana funckija - osnovno školstvo | E63: 380000 | F63: 25638.49 | G63: =SUM(E63:F63) -> 405638.49
A64: 32121 | B64: Naknade za prijevoz na posao i s posla | C64: 21 | D64: Vlastiti prihodi proračunskih korisnika | E64: 0 | F64: 7000 | G64: =SUM(E64:F64) -> 7000
A65: 32131 | B65: Seminari, savjetovanja i simpoziji | C65: 21 | D65: Vlastiti prihodi proračunskih korisnika | E65: 0 | F65: 7000 | G65: =SUM(E65:F65) -> 7000
A66: 32132 | B66: Tečajeve i stručni ispiti | C66: 21 | D66: Vlastiti prihodi proračunskih korisnika | E66: 0 | F66: 1200 | G66: =SUM(E66:F66) -> 1200
A67: 32211 | B67: Uredski materijal | C67: 12 | D67: Decentralizirana funckija - osnovno školstvo | E67: 10000 | F67: 0 | G67: =SUM(E67:F67) -> 10000
A68: 32211 | B68: Uredski materijal | C68: 21 | D68: Vlastiti prihodi proračunskih korisnika | E68: 3000 | F68: 5000 | G68: =SUM(E68:F68) -> 8000
A69: 32212 | B69: Literatura (publikacije, časopisi, glasila, knjige i ostalo) | C69: 12 | D69: Decentralizirana funckija - osnovno školstvo | E69: 2000 | F69: 0 | G69: =SUM(E69:F69) -> 2000
A70: 32212 | B70: Literatura (publikacije, časopisi, glasila, knjige i ostalo) | C70: 21 | D70: Vlastiti prihodi proračunskih korisnika | E70: 3000 | F70: -1000 | G70: =SUM(E70:F70) -> 2000
A71: 32214 | B71: Materijal i sredstva za čišćenje i održavanje | C71: 12 | D71: Decentralizirana funckija - osnovno školstvo | E71: 4000 | F71: -1456.19 | G71: =SUM(E71:F71) -> 2543.81
A72: 32214 | B72: Materijal i sredstva za čišćenje i održavanje | C72: 21 | D72: Vlastiti prihodi proračunskih korisnika | E72: 2000 | F72: 1000 | G72: =SUM(E72:F72) -> 3000
A73: 32216 | B73: Materijal za higijenske potrebe i njegu | C73: 12 | D73: Decentralizirana funckija - osnovno školstvo | E73: 6000 | F73: 0 | G73: =SUM(E73:F73) -> 6000
A74: 32216 | B74: Materijal za higijenske potrebe i njegu | C74: 21 | D74: Vlastiti prihodi proračunskih korisnika | E74: 2000 | F74: 13500 | G74: =SUM(E74:F74) -> 15500
A75: 32219 | B75: Ostali materijal za potrebe redovnog poslovanja | C75: 12 | D75: Decentralizirana funckija - osnovno školstvo | E75: 5000 | F75: -2131.51 | G75: =SUM(E75:F75) -> 2868.49
A76: 32219 | B76: Ostali materijal za potrebe redovnog poslovanja | C76: 21 | D76: Vlastiti prihodi proračunskih korisnika | E76: 3000 | F76: 3000 | G76: =SUM(E76:F76) -> 6000
A77: 32231 | B77: Električna energija | C77: 21 | D77: Vlastiti prihodi proračunskih korisnika | E77: 5000 | F77: 0 | G77: =SUM(E77:F77) -> 5000
A78: 32233 | B78: Plin | C78: 12 | D78: Decentralizirana funckija - osnovno školstvo | E78: 5500 | F78: 0 | G78: =SUM(E78:F78) -> 5500
A79: 32233 | B79: Plin | C79: 21 | D79: Vlastiti prihodi proračunskih korisnika | E79: 3000 | F79: 12000 | G79: =SUM(E79:F79) -> 15000
A80: 32234 | B80: Motorni benzin i dizel gorivo | C80: 12 | D80: Decentralizirana funckija - osnovno školstvo | E80: 18000 | F80: -13193.74 | G80: =SUM(E80:F80) -> 4806.26
A81: 32234 | B81: Motorni benzin i dizel gorivo | C81: 21 | D81: Vlastiti prihodi proračunskih korisnika | E81: 2000 | F81: 3000 | G81: =SUM(E81:F81) -> 5000
A82: 32251 | B82: Sitni inventar | C82: 21 | D82: Vlastiti prihodi proračunskih korisnika | E82: 15000 | F82: 8000 | G82: =SUM(E82:F82) -> 23000
A83: 32271 | B83: Službena, radna i zaštitna odjeća i obuća | C83: 21 | D83: Vlastiti prihodi proračunskih korisnika | E83: 10000 | F83: -8500 | G83: =SUM(E83:F83) -> 1500
A84: 32311 | B84: Usluge telefona, telefaksa | C84: 12 | D84: Decentralizirana funckija - osnovno školstvo | E84: 10000 | F84: -529.48 | G84: =SUM(E84:F84) -> 9470.52
A85: 32311 | B85: Usluge telefona, telefaksa | C85: 21 | D85: Vlastiti prihodi proračunskih korisnika | E85: 3000 | F85: 8000 | G85: =SUM(E85:F85) -> 11000
A86: 32313 | B86: Poštarina (pisma, tiskanice i sl.) | C86: 12 | D86: Decentralizirana funckija - osnovno školstvo | E86: 8000 | F86: -5878.9 | G86: =SUM(E86:F86) -> 2121.1
A87: 32313 | B87: Poštarina (pisma, tiskanice i sl.) | C87: 21 | D87: Vlastiti prihodi proračunskih korisnika | E87: 2000 | F87: 2000 | G87: =SUM(E87:F87) -> 4000
A88: 32314 | B88: Rent a car | C88: 21 | D88: Vlastiti prihodi proračunskih korisnika | E88: 10000 | F88: -10000 | G88: =SUM(E88:F88) -> 0
A89: 32319 | B89: Ostale usluge za komunikaciju i prijevoz | C89: 12 | D89: Decentralizirana funckija - osnovno školstvo | E89: 9000 | F89: -1505 | G89: =SUM(E89:F89) -> 7495
A90: 32319 | B90: Ostale usluge za komunikaciju i prijevoz | C90: 21 | D90: Vlastiti prihodi proračunskih korisnika | E90: 5000 | F90: 19000 | G90: =SUM(E90:F90) -> 24000
A91: 32331 | B91: Elektronski mediji | C91: 12 | D91: Decentralizirana funckija - osnovno školstvo | E91: 5000 | F91: 0 | G91: =SUM(E91:F91) -> 5000
A92: 32331 | B92: Elektronski mediji | C92: 21 | D92: Vlastiti prihodi proračunskih korisnika | E92: 4000 | F92: 15000 | G92: =SUM(E92:F92) -> 19000
A93: 32332 | B93: Tisak | C93: 21 | D93: Vlastiti prihodi proračunskih korisnika | E93: 8000 | F93: -7000 | G93: =SUM(E93:F93) -> 1000
A94: 32334 | B94: Promidžbeni materijali | C94: 12 | D94: Decentralizirana funckija - osnovno školstvo | E94: 5000 | F94: -3081.25 | G94: =SUM(E94:F94) -> 1918.75
A95: 32334 | B95: Promidžbeni materijali | C95: 21 | D95: Vlastiti prihodi proračunskih korisnika | E95: 3000 | F95: 5000 | G95: =SUM(E95:F95) -> 8000
A96: 32339 | B96: Ostale usluge promidžbe i informiranja | C96: 12 | D96: Decentralizirana funckija - osnovno školstvo | E96: 10000 | F96: -3718.75 | G96: =SUM(E96:F96) -> 6281.25
A97: 32339 | B97: Ostale usluge promidžbe i informiranja | C97: 21 | D97: Vlastiti prihodi proračunskih korisnika | E97: 5000 | F97: -2000 | G97: =SUM(E97:F97) -> 3000
A98: 32341 | B98: Opskrba vodom | C98: 12 | D98: Decentralizirana funckija - osnovno školstvo | E98: 2000 | F98: -1590.4 | G98: =SUM(E98:F98) -> 409.6
A99: 32341 | B99: Opskrba vodom | C99: 21 | D99: Vlastiti prihodi proračunskih korisnika | E99: 3000 | F99: -2000 | G99: =SUM(E99:F99) -> 1000
A100: 32342 | B100: Iznošenje i odvoz smeća | C100: 12 | D100: Decentralizirana funckija - osnovno školstvo | E100: 1000 | F100: -342.89 | G100: =SUM(E100:F100) -> 657.11
A101: 32342 | B101: Iznošenje i odvoz smeća | C101: 21 | D101: Vlastiti prihodi proračunskih korisnika | E101: 1000 | F101: 700 | G101: =SUM(E101:F101) -> 1700
A102: 32343 | B102: Deratizacija i dezinsekcija | C102: 21 | D102: Vlastiti prihodi proračunskih korisnika | E102: 10000 | F102: -9500 | G102: =SUM(E102:F102) -> 500
A103: 32344 | B103: Dimnjačarske i ekološke usluge | C103: 21 | D103: Vlastiti prihodi proračunskih korisnika | E103: 0 | F103: 100 | G103: =SUM(E103:F103) -> 100
...

Sheet KATALOG IZVORA FINANCIRANJA
A1: Izvor | B1: Opis
A2: 0 | B2: Nema izvora financiranja
A3: 1 | B3: Opći prihodi i primici
A4: 11 | B4: Opći prihodi i primici (nenamjenski) - gradska sredstva
A5: 12 | B5: Decentralizirana funckija - osnovno školstvo
A6: 13 | B6: Decentralizirana funkcija - vatrogastvo
A7: 2 | B7: Vlastiti prihodi
A8: 21 | B8: Vlastiti prihodi proračunskih korisnika
A9: 3 | B9: Prihodi za posebne namjene
A10: 31 | B10: Komunalna naknada
A11: 32 | B11: Komunalni doprinos
A12: 33 | B12: Spomenička renta
A13: 34 | B13: Prihodi od poljoprivrivrednog zemljišta
... A40: 81 | B40: Štete

Sheet RAČUNSKI PLAN
A1: Konto | B1: Naziv
A2: 0 | B2: Nefinancijska imovina
A3: 01 | B3: Neproizvedena dugotrajna imovina
A4: 011 | B4: Materijalna imovina - prirodna bogatstva
A5: 0111 | B5: Zemljište
A6: 01111 | B6: Poljoprivredno zemljište
A7: 01112 | B7: Građevinsko zemljište
A8: 01119 | B8: Ostala zemljišta
A9: 0112 | B9: Rudna bogatstva
A10: 01121 | B10: Nafta i zemni plin
A11: 01122 | B11: Plemeniti metali
A12: 01123 | B12: Drago kamenje
... A312: 12453 | B312: Potraživanja za više plaćene doprinose za zapošljavanje
A313: 125 | B313: Ispravak vrijednosti potraživanja od zaposlenih te za više plaćene poreze i ostalo
A314: 1251 | B314: Ispravak vrijednosti potraživanja od zaposlenih te za više plaćene poreze i ostalo
A315: 12511 | B315: Ispravak vrijednosti potraživanja od zaposlenih
A316: 12512 | B316: Ispravak vrijednosti potraživanja za više plaćene poreze i doprinose
A317: 12513 | B317: Ispravak vrijednosti ostalih potraživanja
A318: 129 | B318: Ostala potraživanja
A319: 1291 | B319: Potraživanja za naknade koje se refundiraju i predujmove
A320: 12911 | B320: Potraživanja za naknade koje se refundiraju
A321: 12912 | B321: Potraživanja za predujmove
A322: 12913 | B322: Potraživanja za dane predujmove za EU projekte
A323: 1292 | B323: Ostala nespomenuta potraživanja
A324: 12921 | B324: Ostala nespomenuta potraživanja
A325: 1293 | B325: Potraživanja za prodana potraživanja (faktoring)
... A351: 133 | B351: Zajmovi kreditnim i ostalim financijskim institucijama u javnom sektoru
A352: 1332 | B352: Zajmovi kreditnim institucijama u javnom sektoru
A353: 13321 | B353: Zajmovi kreditnim institucijama u javnom sektoru - kratkoročni
A354: 13322 | B354: Zajmovi kreditnim institucijama u javnom sektoru - dugoročni
A355: 13323 | B355: Zajmovi kreditnim institucijama u javnom sektoru po protestiranim jamstvima
A356: 1333 | B356: Zajmovi osiguravajućim društvima u javnom sektoru
A357: 13331 | B357: Zajmovi osiguravajućim društvima u javnom sektoru - kratkoročni
A358: 13332 | B358: Zajmovi osiguravajućim društvima u javnom sektoru - dugoročni
A359: 13333 | B359: Zajmovi osiguravajućim društvima u javnom sektoru po protestiranim jamstvima
A360: 1334 | B360: Zajmovi ostalim financijskim institucijama u javnom sektoru
A361: 13341 | B361: Zajmovi ostalim financijskim institucijama u javnom sektoru - kratkoročni
A362: 13342 | B362: Zajmovi ostalim financijskim institucijama u javnom sektoru - dugoročni
A363: 13343 | B363: Zajmovi ostalim financijskim institucijama u javnom sektoru po protestiranim jamstvima
A364: 134 | B364: Zajmovi trgovačkim društvima u javnom sektoru
A365: 1341 | B365: Zajmovi trgovačkim društvima u javnom sektoru
A366: 13411 | B366: Zajmovi trgovačkim društvima u javnom sektoru - kratkoročni
A367: 13412 | B367: Zajmovi trgovačkim društvima u javnom sektoru - dugoročni
A368: 13413 | B368: Zajmovi trgovačkim društvima u javnom sektoru po protestiranim jamstvima
A369: 135 | B369: Zajmovi kreditnim i ostalim financijskim institucijama izvan javnog sektora
A370: 1353 | B370: Zajmovi tuzemnim kreditnim institucijama izvan javnog sektora
A371: 13531 | B371: Zajmovi tuzemnim kreditnim institucijama izvan javnog sektora - kratkoročni
A372: 13532 | B372: Zajmovi tuzemnim kreditnim institucijama izvan javnog sektora - dugoročni
A373: 13533 | B373: Zajmovi tuzemnim kreditnim institucijama izvan javnog sektora po protestiranim jamstvima
... A405: 13662 | B405: Zajmovi inozemnim obrtnicima - dugoročni
A406: 137 | B406: Zajmovi drugim razinama vlasti
A407: 1371 | B407: Zajmovi državnom proračunu
A408: 13711 | B408: Zajmovi državnom proračunu - kratkoročni
A409: 13712 | B409: Zajmovi državnom proračunu - dugoročni
A410: 1372 | B410: Zajmovi županijskim proračunima
A411: 13721 | B411: Zajmovi županijskim proračunima - kratkoročni
A412: 13722 | B412: Zajmovi županijskim proračunima - dugoročni
A413: 13723 | B413: Zajmovi županijskim proračunima po protestiranim jamstvima
A414: 1373 | B414: Zajmovi gradskim proračunima
A415: 13731 | B415: Zajmovi gradskim proračunima - kratkoročni
A416: 13732 | B416: Zajmovi gradskim proračunima - dugoročni
A417: 13733 | B417: Zajmovi gradskim proračunima po protestiranim jamstvima
A418: 1374 | B418: Zajmovi općinskim proračunima
... A522: 16134 | B522: Povremeni porezi na imovinu
A523: 16135 | B523: Ostali stalni porezi na imovinu
A524: 1614 | B524: Porezi na robu i usluge
A525: 16141 | B525: Porez na dodanu vrijednost
A526: 16142 | B526: Porez na promet
A527: 16143 | B527: Posebni porezi i trošarine
A528: 16145 | B528: Porezi na korištenje dobara ili izvođenje aktivnosti
A529: 16146 | B529: Ostali porezi na robu i usluge
A530: 16147 | B530: Porez na dobitke od igara na sreću i ostali porezi od igara na sreću
A531: 16148 | B531: Naknade za priređivanje igara na sreću
A532: 1615 | B532: Porezi na međunarodnu trgovinu i transakcije
A533: 16151 | B533: Carine i carinske pristojbe
A534: 16152 | B534: Ostali porezi na međunarodnu trgovinu i transakcije
A535: 1616 | B535: Ostali prihodi od poreza
A536: 16161 | B536: Ostali prihodi od poreza koje plaćaju pravne osobe
A537: 16162 | B537: Ostali prihodi od poreza koje plaćaju fizičke osobe
A538: 16163 | B538: Ostali neraspoređeni prihodi od poreza
A539: 162 | B539: Potraživanja za doprinose
A540: 1621 | B540: Doprinosi za obvezno zdravstveno osiguranje
A541: 16211 | B541: Doprinosi za obvezno zdravstveno osiguranje
A542: 16212 | B542: Doprinosi za obvezno zdravstveno osiguranje za slučaj ozljede na radu
A543: 1622 | B543: Doprinosi za mirovinsko osiguranje
A544: 16221 | B544: Doprinosi za mirovinsko osiguranje
A545: 1623 | B545: Doprinosi za zapošljavanje
A546: 16232 | B546: Doprinosi za obvezno osiguranje u slučaju nezaposlenosti
... A567: 1636 | B567: Potraživanja za pomoći proračunskim korisnicima iz proračuna koji im nije nadležan
A568: 16361 | B568: Potraživanja za tekuće pomoći proračunskim korisnicima iz proračuna koji im nije nadležan
A569: 16362 | B569: Potraživanja za kapitalne pomoći proračunskim korisnicima iz proračuna koji im nije nadležan
A570: 1638 | B570: Potraživanja za pomoći temeljem prijenosa EU sredstava
A571: 16381 | B571: Potraživanja za tekuće pomoći iz državnog proračuna temeljem prijenosa EU sredstava
A572: 16382 | B572: Potraživanja za kapitalne pomoći iz državnog proračuna temeljem prijenosa EU sredstava
A573: 16383 | B573: Potraživanja za tekuće pomoći iz proračuna JLP(R)S temeljem prijenosa EU sredstava
A574: 16384 | B574: Potraživanja za kapitalne pomoći iz proračuna JLP(R)S temeljem prijenosa EU sredstava
A575: 16385 | B575: Potraživanja za tekuće pomoći od proračunskog korisnika drugog proračuna temeljem prijenosa EU sredstava
A576: 16386 | B576: Potraživanja za kapitalne pomoći od proračunskog korisnika drugog proračuna temeljem prijenosa EU sredstava
A577: 16387 | B577: Potraživanja za tekuće pomoći od izvanproračunskog korisnika temeljem prijenosa EU sredstava
A578: 16388 | B578: Potraživanja za kapitalne pomoći od izvanproračunskog korisnika temeljem prijenosa EU sredstava
...
